Unix NetHack Version 5.0.0-0 post-release - last build Jun 10 2026 00:39:30 (3ee93aec679c4c4259841fe613dc97188e26a321,branch:main).

Game began 2026-06-19 12:46:47, ended 2026-06-19 18:22:42.

Drastanta, lawful male human Samurai

                          ------------------------
                          |...................^..|
                          |.-------------------..|
                          |.|        -----    |.----
                          |.|        |0..--  --.|..|
                          |.|        |....|--|.....|
                          |.|        |....|..|.....|
                          |.|        --......|0...--
                          |.|------   |%..|...0...|
                          |i|.$$$$|-- |..0|0.|0...|
                          |.|0.$$$-.| |..0|---....|
                          |@|%...$|-| --..|0......|
                          |)Wq0...+.|  --.|....----
                          --|BOF$$|-|   |.--.---
                            |$djf$+.|   |.....|
                            |$QS$$|--   |..|0>|
                            -------     -------

Drastanta the Ninja    St:15 Dx:17 Co:18 In:10 Wi:5 Ch:8  Lawful
Dlvl:2  $:506 HP:0(79) Pw:27(27) AC:1  Xp:8 T:9807 

Latest messages:
 Your head suddenly aches painfully!
 The barrow wight hits!
 The barrow wight touches you!
 You avoid harm.
 You hear a slurping sound.
 The ogre lord picks up 14 gold pieces.
 Are you sure you want to pray? [yn] (n) y
 You begin praying to Amaterasu Omikami.
 The barrow wight swings his long sword.
 The barrow wight hits!
 The barrow wight points at you, then curses.
 The barrow wight misses!
 The barrow wight touches you!
 You're covered in frost!
 You hear a slurping sound.
 A mysterious force prevents the tengu from teleporting!
 The barrow wight swings his long sword.
 The barrow wight hits!
 The barrow wight points all around, then curses.
 The barrow wight hits!
 The barrow wight touches you!
 You avoid harm.
 The barrow wight swings his long sword.
 The barrow wight hits!
 You avoid harm.
 The barrow wight points all around, then curses.
 The barrow wight hits!
 The barrow wight touches you!
 You avoid harm.
 The barrow wight swings his long sword.
 The barrow wight hits!
 The barrow wight points at you, then curses.
 The barrow wight hits!
 The barrow wight misses!
 You finish your prayer.
 The voice of Amaterasu Omikami thunders: 
 "Thou art arrogant, mortal."
 "Thou must relearn thy lessons!"
 You feel foolish!
 Sayonara level 9.
 What do you want to read? [fkloptuyD-FKLR-U or ?*] T
 As you read the scroll, it disappears.
 A mysterious force prevents you from teleporting!
 The barrow wight swings his long sword.
 The barrow wight hits!
 The barrow wight points all around, then curses.
 The barrow wight hits!
 You die...
 Do you want your possessions identified? [ynq] (y) y
 Do you want to see your attributes? [ynq] (y) q

Inventory:
 Coins    ('$')
  $ - 506 gold pieces
 Weapons  (')')
  b - a rusty +0 katana (wielded in left hand)
  a - the rustproof +0 Snickersnee (wielded in right hand)
 Armor    ('[')
  X - an uncursed thoroughly rusty +0 dwarvish iron helm (being worn)
  v - a blessed +1 pair of gauntlets of dexterity (being worn)
  Y - an uncursed +1 pair of speed boots (being worn)
  x - an uncursed burnt +0 cloak of displacement (being worn)
  W - an uncursed +0 elven mithril-coat (being worn)
 Comestibles  ('%')
  M - 3 uncursed gunyoki
  Q - an uncursed lizard corpse
 Scrolls  ('?')
  F - 2 uncursed scrolls of blank paper
  U - an uncursed scroll of create monster
  S - 2 uncursed scrolls of destroy armor
  L - an uncursed scroll of earth
  R - an uncursed scroll of enchant armor
  K - a blessed scroll of enchant weapon
  t - an uncursed scroll of fire
  y - a blessed scroll of genocide
  l - an uncursed scroll of identify
  p - an uncursed scroll of light
  D - a blessed scroll of magic mapping
  k - an uncursed scroll of punishment
  E - 2 uncursed scrolls of remove curse
  u - an uncursed scroll of taming
  f - a cursed scroll of taming
  o - 3 uncursed scrolls of teleportation
 Potions  ('!')
  G - an uncursed potion of acid
  Z - 2 uncursed potions of gain energy
  P - 5 uncursed potions of water
 Rings    ('=')
  s - a cursed ring of aggravate monster
  O - a cursed ring of hunger
  I - an uncursed ring of levitation
  g - an uncursed -1 ring of protection
 Wands    ('/')
  d - a wand of fire (0:8)
  N - a wand of fire (0:3)
  J - a wand of light (0:14)
  H - a wand of light (0:10)
  h - a wand of magic missile (0:6)
  V - a wand of magic missile (0:4)
  n - a wand of make invisible (0:6)
  e - a wand of speed monster (0:6)
  A - a wand of stasis (0:5)
  m - a wand of teleportation (0:4)
  r - a wand of teleportation (0:2)
 Tools    ('(')
  B - an uncursed blindfold
  C - an uncursed magic whistle
  z - an uncursed skeleton key
  i - a +0 unicorn horn
 Gems/Stones  ('*')
  j - 2 uncursed luckstones

Drastanta the Samurai's attributes:

Background:
 You were a Ninja, a level 8 male human Samurai.
 You were lawful, on a mission for Amaterasu Omikami
 who was opposed by Raijin (neutral) and Susanowo (chaotic).
 You were right-handed.
 You were in Sokoban, on level 2.
 You entered the dungeon 9807 turns ago.
 You had 2559 experience points, 1 more was needed to attain level 9.

Basics:
 You had 0 out of 79 hit points.
 You had all 27 energy points (spell power).
 Your armor class was 1.
 Your wallet contained 506 zorkmids.
 Autopickup was on for '$' plus thrown.

Final Characteristics:
 Your strength was 15 (limit:18/100).
 Your dexterity was 17 (base:16, peak:17, limit:18).
 Your constitution was 18 (limit:18).
 Your intelligence was 10 (limit:18).
 Your wisdom was 5 (peak:8, limit:18).
 Your charisma was 8 (limit:18).

Final Status:
 You weren't hungry.
 You were unencumbered.
 You were wielding two weapons at once.
 Your skill in long sword was limited by being unskilled with two weapons.
 You could have enhanced skill with two weapons.

Final Attributes:
 You were piously aligned.
 You were telepathic.
 You were displaced.
 You were guarded.
 You were very fast.
 You were unlucky.
 You had extra luck.
 Bad luck did not time out for you.
 Good luck did not time out for you.
 Amaterasu Omikami was angry with you.
 You are dead.

Miscellaneous:
 You didn't encounter any bones levels.
 Total elapsed playing time was 3 hours, 59 minutes and 7 seconds.

Major events:
 Turn
    1: Drastanta the lawful male human Samurai entered the dungeon
 1281: attained the rank of Ronin (level 3)
 1379: entered the Gnomish Mines
 2588: reached Mine Town
 2832: attained the rank of Ninja (level 6)
 2891: was bestowed with Snickersnee by Amaterasu Omikami
 6381: acquired the Mines' End luckstone
 7771: entered Sokoban
 8040: completed 1st Sokoban level
 8304: completed 2nd Sokoban level
 8546: completed 3rd Sokoban level
 9448: completed 4th Sokoban level
 9807: killed by a barrow wight

You didn't know any spells.

Skills:
 Fighting Skills
   martial arts      [Basic]
   two weapon combat [Unskilled]
   riding            [Unskilled]
 Weapon Skills
   dagger            [Unskilled]
   knife             [Unskilled]
   short sword       [Basic]
   broadsword        [Unskilled]
   long sword        [Expert]
   two-handed sword  [Unskilled]
   saber             [Unskilled]
   flail             [Unskilled]
   quarterstaff      [Unskilled]
   polearms          [Unskilled]
   spear             [Unskilled]
   lance             [Unskilled]
   bow               [Basic]
   shuriken          [Unskilled]
 Spellcasting Skills
   attack spells     [Unskilled]
   divination spells [Unskilled]
   clerical spells   [Unskilled]

Voluntary challenges:
 Character rerolling was not enabled.
 You never genocided any monsters.
 You never polymorphed an object.
 You used no wishes.
 You violated the special Sokoban rules once.
Achievements:
 You entered a shop.
 You attained the rank of Ronin.
 You entered the Gnomish Mines.
 You entered Minetown.
 You entered a temple.
 You attained the rank of Ninja.
 You completed the Gnomish Mines.
 You entered Sokoban.

 The Dungeons of Doom: levels 1 to 6
    Level 1:
    Level 2:
       A scroll shop, some fountains.
    Level 3:
       Stairs down to The Gnomish Mines.
    Level 4:
       An altar to Amaterasu Omikami, a fountain.
    Level 5:
       Many fountains.
       Oracle of Delphi.
    Level 6: "BAG OF STUFF"
       An altar, a fountain.
       Stairs up to Sokoban, level 5.
 The Gnomish Mines: levels 4 to 11
    Level 4: "Likley Bones?"
    Level 5:
    Level 6:
       Many shops, a temple and an altar to Amaterasu Omikami, some fountains.
    Level 7:
    Level 8:
    Level 9:
    Level 10:
    Level 11:
 Sokoban: levels 5 up to 2
    Level 2: <- You were here.
       Solved.
       Final resting place for
          you, killed by a barrow wight.
    Level 3:
       Solved.
    Level 4:
       Solved.
    Level 5:
       Solved.


Vanquished creatures:
  a titanothere
  3 giant mimics
 an air elemental
  a warg
  a small mimic
  a warhorse
  a xan
  a shocking sphere
  a tiger
  a gargoyle
  a python
  a wraith
  2 ettin zombies
  a leather golem
  a chameleon
  a crocodile
  2 quivering blobs
  a panther
  a mumak
  2 giant spiders
  a horse
  a black light
  2 vampire bats
  3 forest centaurs
  a gnome ruler
  2 orc mummies
  a dwarf mummy
  5 ogres
  a rust monster
  a yeti
  a werewolf
  a Green-elf
  a lizard
  a chickatrice
  3 dogs
  a housecat
  a black unicorn
  a dust vortex
  a raven
  a plains centaur
  3 gnome mummies
  a soldier ant
  3 fire ants
  a bugbear
  2 quasits
  a wood nymph
  a water nymph
 15 Mordor orcs
 an orc shaman
  2 rock piercers
  2 rock moles
  2 yellow lights
  a violet fungus
 11 gnome leaders
  7 gnomish wizards
  a kobold mummy
  a gray ooze
  a straw golem
  a paper golem
  2 little dogs
  4 floating eyes
  3 dwarves
  a kobold leader
  a kobold shaman
 13 hill orcs
 11 rothes
  a centipede
  a monkey
  2 wererats
 an iguana
  8 killer bees
  2 acid blobs
  a coyote
  a gas spore
  3 hobbits
  4 manes
  2 large kobolds
  3 hobgoblins
  7 giant rats
  a cave spider
  a brown mold
  4 green molds
 60 gnomes
  3 gnome zombies
  4 geckos
 16 jackals
  2 foxes
  2 kobolds
  2 goblins
  3 sewer rats
 13 grid bugs
  6 lichens
  2 kobold zombies
  8 newts
310 creatures vanquished.

No species were genocided or became extinct.

Game over:
                       ----------
                      /          \
                     /    REST    \
                    /      IN      \
                   /     PEACE      \
                  /                  \
                  |    Drastanta     |
                  |      506 Au      |
                  |   killed by a    |
                  |   barrow wight   |
                  |                  |
                  |                  |
                  |       2026       |
                 *|     *  *  *      | *
        _________)/\\_//(\/(/\)/\//\/|_)_______

Sayonara Drastanta the Samurai...

You died in Sokoban on dungeon level 2 with 22270 points,
and 506 pieces of gold, after 9807 moves.
You were level 8 with a maximum of 79 hit points when you died.

